 Dungeon Crawl Stone Soup version 0.31-a0-986-g5e6e4ef867 (webtiles) character file.

Game seed: 15449933311634805560

77 ytrimaz the Ruffian (level 4, 0/40 HPs)
             Began as a Troll Shapeshifter on Nov 6, 2023.
             Killed from afar by Natasha (10 damage)
             ... with a magic dart
             ... on level 2 of the Dungeon.
             The game lasted 00:01:17 (927 turns).

ytrimaz the Ruffian (Troll Shapeshifter)             Turns: 927, Time: 00:01:18

Health: 0/40       AC:  4    Str: 24    XL:     4   Next: 13%
Magic:  3/3        EV:  9    Int:  6    God:
Gold:   196        SH:  0    Dex:  9    Spells: 3/3 levels left

rFire   . .          .
                       - Unarmed
rCold   . . .        (no shield)
rNeg    . . .        a - +0 animal skin
rPois   .            (helmet currently unavailable)
rElec   .            (cloak currently unavailable)
rCorr   .            (gloves unavailable)
SInv    .            (boots unavailable)
Will    .....        (no amulet)
Stlth   +            (no ring)
HPRegen 1.06/turn    (no ring)
MPRegen 0.08/turn

%: no passive effects
@: beast-form
A: beast (slay +2), large, unfitting armour, claws 3, regeneration 1, shaggy fur
1, tough skin 1
a: Begin Untransformation


You were on level 2 of the Dungeon.
You were a hulking beast.
You visited 1 branch of the dungeon, and saw 2 of its levels.

You collected 196 gold pieces.


Innate Abilities, Weirdness & Mutations

You are a hulking beast.
Your limbs bulge with bestial killing power. (Slay +2)
You are too large for most types of armour.
You have claws for hands.
Your natural rate of healing is unusually fast.
You are covered in fur. (AC +1)
You have tough skin. (AC +1)


   Skills:
 - Level 0.7 Fighting
 - Level 1.5 Dodging
 + Level 4.1 Unarmed Combat
 + Level 4.0 Shapeshifting


You had 3 spell levels left.
You didn't know any spells.
Your spell library was empty.

Inventory:

Armour
 a - a +0 animal skin (worn)
Talismans
 c - a beast talisman
 d - a flux talisman
Scrolls
 e - a scroll of silence {unknown}
 g - 2 scrolls of identify {unknown}
 h - a scroll of enchant weapon {unknown}
Potions
 b - 2 potions of lignification
 f - a potion of heal wounds {unknown}
 i - 2 potions of curing {unknown}

Dungeon Overview and Level Annotations

Branches:
Dungeon (2/15) Zot: 11079

Altars:

Annotations:
D:2 Natasha

##### ####### #....
....... #....# .......
#....# .......
#....##h......
#.....h†5.....
#.....#####.##
#.....##### #.........# .
#....###<.....
###.......###.##
#>............
#.#....#...###
#...........#############


You could see Natasha and a cerulean imp (summoned).


Message History

No target in view!
You now have 172 gold pieces (gained 5).
A kobold comes into view. It is wielding a +0 whip.
The kobold shouts!
You see here a scroll labelled BUOFIN VAY.
A kobold is nearby!
A kobold is nearby!
A kobold is nearby!
The kobold closely misses you.
A kobold is nearby!
You claw the kobold!
You kill the kobold!
You have reached level 4! 😎 HP[+8] MP[+1]
You now have 40 max hp (+8).
Your hp is fully restored (40).
Your mp is fully restored (3).
g - 2 scrolls labelled BUOFIN VAY (gained 1)
You now have 182 gold pieces (gained 10).
Found a stone staircase leading up.
Found a stone staircase leading down.
You now have 196 gold pieces (gained 14).
An adder comes into view.
The adder hisses angrily.
Natasha, Servant of Life and Death comes into view.
Natasha hisses angrily.
The adder bites you but does no damage.
You scratch the adder. The adder bites you but does no damage.
Natasha casts a spell.
You miss the adder. The adder closely misses you.
Unknown command.
You miss the adder. The adder bites you but does no damage.
The adder closely misses you.
You barely miss the adder. The adder bites you. 😕 HP[-1]
You take 1 damage, and now have 39/40 hp.
You scratch the adder. Natasha barely misses you.
The adder bites you but does no damage.
The cerulean imp closely misses you. 😎 HP[+1]
Your hp is fully restored (40).
Unknown command.
You mangle the adder!!
You kill the adder!
Natasha claws you but does no damage.
The cerulean imp hits you from afar with a +3 spear.
Your Shapeshifting skill increases to level 4! 😕 HP[-1]
You take 1 damage, and now have 39/40 hp.
You barely miss Natasha.
Natasha stares at you and mumbles some strange words.
You resist with some effort. 😎 HP[+1]
Your hp is fully restored (40).
Unknown command.
You barely miss Natasha.
The cerulean imp hits you from afar with a +3 spear.
Natasha closely misses you. 😕 HP[-4]
You take 4 damage, and now have 36/40 hp.
You completely miss Natasha.
The cerulean imp hits you from afar with a +3 spear.
Natasha casts a spell at you. You resist with some effort. 😕 HP[-2]
You take 2 damage, and now have 34/40 hp.
You scratch Natasha.
The cerulean imp hits you from afar with a +3 spear.
Natasha growls.
Natasha casts a spell at you. The magic dart hits you.
Unknown command. 😮 HP[-8]
You take 8 damage, and now have 26/40 hp.
You closely miss Natasha.
The cerulean imp hits you from afar with a +3 spear.
Natasha misses you. 😮 HP[-1]
You take 1 damage, and now have 25/40 hp.
You barely miss Natasha.
The cerulean imp hits you from afar with a +3 spear.
Natasha claws you!
* * * LOW HITPOINT WARNING * * *
Unknown command. 😨 HP[-11]
You take 11 damage, and now have 14/40 hp.
MASSIVE DAMAGE!! (PAUSE)
You barely miss Natasha.
The cerulean imp hits you from afar with a +3 spear!
* * * LOW HITPOINT WARNING * * *
😱 HP[-6]
You take 6 damage, and now have 8/40 hp.
Unknown command.
You claw Natasha! Natasha claws you but does no damage.
The cerulean imp closely misses you. 😱 HP[+1] Unknown command.
You miss Natasha. Natasha casts a spell at you. The magic dart hits you!
You die...
Natasha curls up and begins to purr.

Skill      XL: |  1  2  3  4 |
---------------+-------------+-----
Unarmed Combat | 4 |  4.1
Shapeshifting  | 4 |  4.0
Fighting       | |  0.7
Dodging        | |  1.5

Action                     |  1- 3 |  4- 6 || total
---------------------------+-------+-------++-------
  Melee: Unarmed           |    90 |    15 ||   105
 Armour: Animal skin       |    48 |    17 ||    65
  Dodge: Dodged            |    34 |     7 ||    41

Levels and vault maps discovered:
D:1:      erik_arrival_orb_chamber, layout_basic
D:2:      layout_basic, lightli_corner_chamber, uniq_terence, uniq_natasha,
          uniq_sigmund

Notes
Turn   | Place    | Note
-------+----------+-------------------------------------------
     0 | D:1      | ytrimaz the Troll Shapeshifter began the quest for the Orb.
     0 | D:1      | Reached XP level 1. HP: 18/18 MP: 0/0
     0 | D:1      | magus.rc [v1.9.6]
   107 | D:1      | Reached XP level 2. HP: 26/26 MP: 1/1
   642 | D:2      | Reached XP level 3. HP: 32/32 MP: 2/2
   676 | D:2      | Noticed Terence
   685 | D:2      | Killed Terence
   716 | D:2      | Reached skill level 4 in Unarmed Combat
   873 | D:2      | Reached XP level 4. HP: 40/40 MP: 3/3
   911 | D:2      | Noticed Natasha
   919 | D:2      | Reached skill level 4 in Shapeshifting
   925 | D:2      | HP: 8/40 [cerulean imp/+3 spear[Natasha] (7)]
   927 | D:2      | Killed from afar by Natasha

Vanquished Creatures
  Terence (D:2)
  An adder (D:2)
  2 worms (D:2)
  3 ball pythons
  3 endoplasms (D:1)
  2 giant cockroaches
  A goblin (D:1)
  2 hobgoblins (D:1)
  3 jackals (D:1)
  A quokka (D:2)
  3 bats (D:1)
  4 frilled lizards (D:1)
  4 kobolds
  7 rats
37 creatures vanquished.

Table legend:
 A = Non-vault XP
 B = Vault XP
 C = Vault XP percentage of total XP
 D = Non-vault monster count
 E = Vault monster count
 F = Vault count percentage of total count
                 A         B        C        D         E       F
            +---------+---------+-------+---------+---------+-------
      Total |      74 |      36 |  32.7 |      36 |       1 |   2.7
            +---------+---------+-------+---------+---------+-------
        D:1 |      40 |       0 |   0.0 |      26 |       0 |   0.0
        D:2 |      34 |      36 |  51.4 |      10 |       1 |   9.1
            +---------+---------+-------+---------+---------+-------

Skill      XL: |  1  2  3  4 |
---------------+-------------+-----
Unarmed Combat | 4 |  4.1
Shapeshifting  | 4 |  4.0
Fighting       | |  0.7
Dodging        | |  1.5

Action                     |  1- 3 |  4- 6 || total
---------------------------+-------+-------++-------
  Melee: Unarmed           |    90 |    15 ||   105
 Armour: Animal skin       |    48 |    17 ||    65
  Dodge: Dodged            |    34 |     7 ||    41

Illustrated notes

Table legend:
 A = Kills in this place as a percentage of kills in the entire game.
 B = Kills by you in this place as a percentage of kills by you in the entire game.
 C = Kills by friends in this place as a percentage of kills by friends in the entire game.
 D = Other kills in this place as a percentage of other kills in the entire game.
 E = Experience gained in this place as a percentage of experience gained in the entire game.
 F = Experience gained in this place divided by the number of levels of this place that you have seen.
                   A       B       C       D       E      F
               +-------+-------+-------+-------+-------+----------------------
         Total | 100.0 | 100.0 |   N/A |   N/A | 100.0 |  55.0
       Dungeon | 100.0 | 100.0 |   N/A |   N/A | 100.0 |  55.0
               +-------+-------+-------+-------+-------+----------------------

Table legend: (Time is in decaauts)
 A = Elapsed time spent in this place.
 B = Non-inter-level travel time spent in this place.
 C = Inter-level travel time spent in this place.
 D = Time resting spent in this place.
 E = Time spent auto-exploring this place.
 F = Levels seen in this place.
 G = Mean time per level.
                   A        B        C        D        E       F      G
               +--------+--------+--------+--------+--------+-----+--------+
         Total |    919 |    896 |     23 |      0 |    667 |   2 |  459.5 |
       Dungeon |    919 |    896 |     23 |      0 |    667 |   2 |  459.5 |
               +--------+--------+--------+--------+--------+-----+--------+

Top non-repeatable levels by time:
     D:1: 622 daAuts
     D:2: 296 daAuts
